 Dungeon Crawl Stone Soup version 0.25-a0-992-gca090100c3 (webtiles) character file.

Game seed: 5151284319352778039, levelgen mode: deterministic

8148 tilp the Quickloader (level 11, -5/64 HPs)
             Began as a Kobold Arcane Marksman on May 10, 2020.
             Was an Elder of Okawaru.
             Slain by a skeletal warrior
             ... wielding a +0 hand axe
             ... led by a skeletal warrior
              (22 damage)
             ... on level 10 of the Dungeon.
             The game lasted 00:34:53 (15666 turns).

tilp the Quickloader (Kobold Arcane Marksman)      Turns: 15666, Time: 00:34:54

Health: -5/64      AC: 12    Str: 10    XL:     11   Next: 50%
Magic:  15/17      EV: 23    Int: 19    God:    Okawaru [****..]
Gold:   215        SH:  0    Dex: 18    Spells: 8/18 levels left

rFire    + . .     SeeInvis .   b - +4 flail (vorpal)
rCold    . . .     Gourm    .   (shield restricted)
rNeg     . . .     Faith    .   g - +0 leather armour of Xom's Vengeance {Int+4 Slay+3} (curse)
rPois    .         Spirit   .   k - +2 helmet
rElec    .         Reflect  .   C - +2 cloak
rCorr    .         Harm     .   T - +1 pair of gloves
MR       .....                  (no boots)
Stlth    ++++......             o - amulet of the acrobat
HPRegen  0.20/turn              S - ring of protection from fire
MPRegen  0.15/turn              y - +2 ring of dexterity

@: heroism
A: small, carnivore
a: Heroism, Renounce Religion


You were on level 10 of the Dungeon.
You worshipped Okawaru.
Okawaru was greatly pleased with you.
You were very full.

You visited 2 branches of the dungeon, and saw 12 of its levels.
You also visited: Ossuary.

You collected 456 gold pieces.
You spent 241 gold pieces at shops.

Inventory:

Hand Weapons
 a - a +1 hand crossbow
 b - a +4 vorpal flail (weapon)
 N - a +0 morningstar
Missiles
 d - 65 bolts
 e - 12 poisoned darts (quivered)
 h - 2 throwing nets
 s - 7 curare-tipped darts
 v - 14 boomerangs
Armour
 g - the cursed +0 leather armour of Xom's Vengeance (worn) {Int+4 Slay+3}
   (You took it off an orc on level 5 of the Dungeon)

   It affects your intelligence (+4).
   It affects your accuracy and damage with ranged weapons and melee attacks
   (+3).
   It has a curse placed upon it.
 k - a +2 helmet (worn)
 C - a +2 cloak (worn)
 L - a +1 leather armour of poison resistance
 T - a +1 pair of gloves (worn)
Jewellery
 o - an amulet of the acrobat (around neck)
 y - a +2 ring of dexterity (right hand)
 D - an uncursed ring of flight
 K - an uncursed ring of protection from cold
 P - an uncursed ring of magical power
 S - a ring of protection from fire (left hand)
Wands
 t - a wand of polymorph (10)
 G - a wand of paralysis (16)
 O - a wand of acid (9)
Scrolls
 f - 8 scrolls of teleportation
 i - 7 scrolls of blinking
 m - 4 scrolls of fog
 p - 3 scrolls of enchant weapon
 w - 4 scrolls of remove curse
 x - a scroll of amnesia {unknown}
 z - a scroll of fear {unknown}
 F - 4 scrolls of magic mapping
 I - a scroll of identify
 J - a scroll of random uselessness {unknown}
 M - 2 scrolls of immolation
Potions
 j - a potion of haste
 l - 3 potions of curing
 n - a potion of stabbing
 q - 4 potions of heal wounds
 r - 3 potions of invisibility
 u - a potion of resistance
 A - 6 potions of brilliance
 B - 2 potions of flight
 E - a potion of might
 H - a potion of mutation
 R - a potion of cancellation
 U - 2 potions of lignification
Comestibles
 c - 20 rations


   Skills:
 - Level 6.0(11.0) Fighting
 + Level 5.2(10.2) Maces & Flails
 - Level 10.0(15.0) Crossbows
 - Level 6.0(11.0) Dodging
 - Level 4.0(9.0) Stealth
 - Level 4.0 Spellcasting
 - Level 8.0 Hexes
 - Level 8.0 Invocations
 - Level 4.0 Evocations


You had 8 spell levels left.
You knew the following spells:

 Your Spells              Type           Power        Failure   Level  Hunger
a - Corona                Hex            ####...      1%          1    None
b - Slow                  Hex            ####....     1%          2    ##.....
c - Portal Projectile     Hex/Tloc       ###...       11%         3    ###....
d - Cause Fear            Hex            ####......   7%          4    ####...

Your spell library contained the following spells:

 Spells                   Type           Power        Failure   Level  Hunger
 Confusing Touch          Hex            ####....     1%          3    ###....
 Inner Flame              Hex/Fire       ###.....     11%         3    ###....
 Beastly Appendage        Tmut           #.....       19%         1    None
 Foxfire                  Conj/Fire      #...         19%         1    None
 Sticks to Snakes         Tmut           #.......     26%         2    ##.....
 Leda's Liquefaction      Hex/Erth       ###.......   34%         4    ####...
 Conjure Flame            Conj/Fire      #.......     47%         3    ###....
 Gell's Gravitas          Tloc           #.........   47%         3    ###....
 Spider Form              Tmut/Pois      #.........   47%         3    ###....
 Metabolic Englaciation   Hex/Ice        ###.......   67%         5    ######.
 Yara's Violent Unravell  Hex/Tmut       ###.......   67%         5    ######.
 Ice Form                 Ice/Tmut       #.......     87%         4    ####...
 Petrify                  Tmut/Erth      #.......     87%         4    ####...
 Sticky Flame             Conj/Fire      #.......     87%         4    ####...
 Blade Hands              Tmut           #.........   99%         5    ######.
 Fireball                 Conj/Fire      #.........   99%         5    ######.


Dungeon Overview and Level Annotations

Branches:
Dungeon (11/15)            Temple (1/1) D:5            Lair (0/6) D:8
Ossuary (visited)
    Orc: D:9-12

Altars:
Ashenzari
Cheibriados
Dithmenos
Elyvilon
Fedhas
Gozag
Hepliaklqana
Kikubaaqudgha
Makhleb
Nemelex Xobeh
Okawaru
Qazlal
Ru
Sif Muna
Trog
Uskayaw
Vehumet
Wu Jian
Xom
Yredelemnul
Zin
The Shining One
Beogh

Annotations:
D:5 3 runed translucent doors, gruber's ghost, novice GnNe


Innate Abilities, Weirdness & Mutations

You are small and have problems with some larger weapons.
You are carnivorous and can eat meat at any time.


Message History

The skeletal warrior closely misses you.
You barely miss the skeletal warrior.
The skeletal warrior is heavily damaged.
The skeletal warrior misses you.
You hit the skeletal warrior.
The skeletal warrior is heavily damaged.
The skeletal warrior hits you with a +0 hand axe!
* * * LOW HITPOINT WARNING * * *
You gain the combat prowess of a mighty hero.
You hit the skeletal warrior but do no damage.
The skeletal warrior is heavily damaged.
The skeletal warrior closely misses you.
You hit the skeletal warrior.
The skeletal warrior is heavily damaged.
The skeletal warrior hits you with a +0 hand axe!
* * * LOW HITPOINT WARNING * * *
You hit the skeletal warrior but do no damage.
The skeletal warrior is heavily damaged.
The skeletal warrior hits you with a +0 hand axe!!
You die...

##..####....## #######...#
##............###.......###
#...####..........#<.....# #.#.#
#.........##......# ##...#
##.....##.##......# #.)###
#......##.##>.....# ###)##
###......##..#......# #.รท.#
##...#.##.......###..#
#.#.####..###@###..#.### ##.#
####........####z# #<##.#### #.##
.....#........##K###.##....# #..#
.###..........##.##..##.##.####.#
###..##.................##..# #.#
##...##[......##....#######.###.#
##..###.......###..## #......
....# #.......##..## ####.##
...## #######..#...# #...


You could see a skeletal warrior and a kobold.

Vanquished Creatures
  A troll (D:8)
  A hornet (D:9)
  A hippogriff (D:8)
  A wraith (D:7)
  4 yaks
  A human (D:7)
  3 hogs (D:7)
  Eustachio (D:5)
  3 hungry ghosts
  Edmund (D:6)
  A water moccasin (D:8)
  3 ice beasts (D:8)
  2 black bears
  2 orc warriors
  2 phantoms
  2 sky beasts
  6 ogres
  A wolf (D:8)
  5 centaurs
  An elf zombie (Ossuary)
  4 big kobolds
  3 bullfrogs
  A scorpion (D:5)
  3 killer bees (D:8)
  A jelly (D:8)
  4 wights (D:7)
  5 howler monkeys (D:8)
  4 electric eels (D:8)
  5 crimson imps
  2 centaur zombies
  A quasit (D:8)
  11 hounds
  A bullfrog zombie (D:9)
  A human zombie (Ossuary)
  3 centaur skeletons
  4 orc priests
  9 orc wizards
  A bullfrog skeleton (D:5)
  2 iguanas
  8 worker ants
  Natasha (thrice) (D:3)
  Terence (D:2)
  A killer bee zombie (D:8)
  A big kobold zombie (Ossuary)
  A hound zombie (D:8)
  5 hound skeletons
  2 mummies (Ossuary)
  A worker ant zombie (D:8)
  4 adders
  11 gnolls
  A howler monkey skeleton (D:7)
  3 shadow imps
  2 oozes
  2 dart slugs
  11 leopard geckos
  54 orcs
  A ball python (D:7)
  6 bats (D:3)
  10 giant cockroaches
  8 goblins
  7 hobgoblins
  12 jackals
  3 quokkas
  A ball python skeleton (D:4)
  11 frilled lizards
  A goblin zombie (Ossuary)
  15 hobgoblin zombies (Ossuary)
  A jackal zombie (D:6)
  24 kobolds
  8 kobold zombies (Ossuary)
  A leopard gecko skeleton (D:4)
  8 orc zombies (Ossuary)
  4 rats
  A rat zombie (Ossuary)
340 creatures vanquished.

Notes
Turn   | Place    | Note
-------+----------+-------------------------------------------
     0 | D:1      | tilp the Kobold Arcane Marksman began the quest for the
                  | Orb.
     0 | D:1      | Reached XP level 1. HP: 12/12 MP: 2/2
   337 | D:1      | Reached XP level 2. HP: 17/17 MP: 0/3
   899 | D:1      | Reached XP level 3. HP: 23/23 MP: 4/4
   903 | D:1      | Learned a level 2 spell: Slow
  1261 | D:2      | Noticed Terence
  1388 | D:2      | Killed Terence
  1388 | D:2      | Reached XP level 4. HP: 24/29 MP: 1/5
  1859 | D:2      | Reached XP level 5. HP: 33/33 MP: 6/8
  3345 | D:3      | Reached XP level 6. HP: 38/38 MP: 9/9
  3600 | D:3      | Noticed Natasha
  3608 | D:3      | Killed Natasha
  3608 | D:3      | Reached skill level 5 in Hexes
  4002 | D:3      | Noticed Natasha
  4006 | D:3      | Killed Natasha
  4078 | D:3      | Noticed Natasha
  4084 | D:3      | Killed Natasha
  4505 | D:4      | Noticed an ogre
  4519 | D:4      | Killed an ogre
  4519 | D:4      | Reached skill level 3 in Crossbows
  4519 | D:4      | Reached XP level 7. HP: 34/43 MP: 7/10
  4539 | D:4      | Reached skill level 4 in Crossbows
  5113 | D:4      | Reached skill level 5 in Crossbows
  5632 | D:4      | Reached skill level 6 in Crossbows
  5829 | D:5      | Entered Level 5 of the Dungeon
  5845 | D:5      | Reached skill level 1 in Stealth
  5845 | D:5      | Reached XP level 8. HP: 45/48 MP: 11/11
  6004 | D:5      | Noticed Eustachio
  6034 | D:5      | Found a runed translucent gate.
  6035 | D:5      | Found a runed translucent gate.
  6035 | D:5      | Identified the +2 whip of Luozecip {vorpal, Str+2}
  6035 | D:5      | Noticed gruber's ghost (novice GnNe)
  6036 | D:5      | Found a runed translucent gate.
  6041 | D:5      | Found a roughly hewn altar of Beogh.
  6124 | D:5      | Identified the cursed +0 leather armour of Xom's Vengeance
                  | {Int+4 Slay+3}
  6451 | D:5      | Reached skill level 5 in Fighting
  6503 | D:5      | Killed Eustachio
  6585 | D:5      | Found a basalt altar of Yredelemnul.
  6647 | D:5      | Found a staircase to the Ecumenical Temple.
  6704 | Temple   | Entered the Ecumenical Temple
  6816 | Temple   | Became a worshipper of Warmaster Okawaru
  6889 | D:5      | Found Isuoblou's Magic Scroll Emporium.
  6921 | D:5      | Found a white marble altar of Elyvilon.
  7004 | D:5      | Bought a scroll of identify for 22 gold pieces
  7004 | D:5      | Bought a scroll of identify for 22 gold pieces
  7004 | D:5      | Bought a scroll of magic mapping for 38 gold pieces
  7004 | D:5      | Bought a scroll of identify for 22 gold pieces
  7004 | D:5      | Bought a scroll of identify for 22 gold pieces
  7004 | D:5      | Bought a scroll of remove curse for 33 gold pieces
  7004 | D:5      | Bought a scroll of enchant armour for 82 gold pieces
  7092 | D:6      | Reached skill level 5 in Dodging
  7299 | D:6      | Reached XP level 9. HP: 29/55 MP: 9/12
  7445 | D:6      | Reached skill level 1 in Evocations
  7574 | D:6      | Reached skill level 1 in Invocations
  7849 | D:6      | Reached * piety under Okawaru
  8288 | D:6      | Noticed Edmund
  8308 | D:6      | Killed Edmund
  8604 | D:7      | Found a sand-covered staircase.
  8628 | Ossuary  | Entered an ossuary
  8979 | Ossuary  | Reached skill level 5 in Invocations
  9112 | D:7      | Reached ** piety under Okawaru
  9311 | D:7      | Reached XP level 10. HP: 42/60 MP: 9/15
  9847 | D:7      | Found a blossoming altar of Fedhas.
  9851 | D:7      | Found a stormy altar of Qazlal.
  9852 | D:7      | Found a glowing silver altar of Zin.
  9860 | D:7      | Found a burning altar of Makhleb.
  9958 | D:7      | Reached *** piety under Okawaru
 11233 | D:8      | Reached skill level 7 in Crossbows
 11464 | D:8      | Reached **** piety under Okawaru
 11520 | D:7      | Reached skill level 8 in Crossbows
 11818 | D:8      | Reached XP level 11. HP: 51/64 MP: 17/17
 12081 | D:8      | Reached skill level 9 in Crossbows
 12680 | D:8      | Found a staircase to the Lair.
 12805 | D:8      | Reached skill level 10 in Crossbows
 12822 | D:8      | Reached skill level 1 in Maces & Flails
 14676 | D:10     | Entered Level 10 of the Dungeon
 14721 | D:10     | Learned a level 3 spell: Portal Projectile
 14726 | D:10     | Learned a level 4 spell: Cause Fear
 15434 | D:11     | Reached skill level 5 in Maces & Flails
 15611 | D:11     | Noticed a skeletal warrior
 15631 | D:11     | Noticed a skeletal warrior
 15633 | D:11     | Noticed a skeletal warrior
 15666 | D:10     | Slain by a skeletal warrior

Illustrated notes

Levels and vault maps discovered:
D:1:      enne_arrival_octagon_isle, layout_basic
D:2:      layout_basic, first_ration, uniq_terence
D:3:      layout_loops_ring, minmay_randomly_rotated_circles, uniq_natasha
D:4:      layout_rooms, corexii_hall_statues_l, minmay_door_square
D:5:      layout_basic, kennysheep_ying_yang, temple_statues,
          biasface_ghost_orc_armoury, kennysheep_windowed_goal, uniq_eustachio
D:6:      layout_basic, minmay_lizard_king, uniq_edmund
D:7:      minmay_skewed_foursquare, layout_basic, grunt_temple_overflow_open,
          enter_ossuary_1, grunt_livestock
D:8:      layout_basic, erik_lair_island, kennysheep_generic_room_8
D:9:      layout_basic
D:10:     layout_rooms
D:11:     minmay_distorted_concentric_squares, layout_cave_pools, david_orc_3
Temple:   regret_index_temple_sphere_string

Skill      XL: |  1  2  3  4  5  6  7  8  9 10 11 |
---------------+----------------------------------+-----
Fighting       | 2 3 4 6 |  6.0
Spellcasting   | 2 4 |  4.0
Hexes          | 4 6 8 |  8.0
Crossbows      | 3 6 8 10 | 10.0
Stealth        | 1 4 |  4.0
Dodging        | 5 6 |  6.0
Evocations     | 4 |  4.0
Invocations    | 7 8 |  8.0
Maces & Flails | 5 |  5.2

Action                   |  1- 3 |  4- 6 |  7- 9 | 10-12 || total
-------------------------+-------+-------+-------+-------++-------
Melee: Club              |    12 |       |       |       ||    12
       Dagger            |    31 |       |       |       ||    31
       Short sword       |    23 |    18 |       |       ||    41
       Flail             |       |   120 |   334 |   311 ||   765
 Fire: Hand crossbow     |    33 |    74 |   160 |   169 ||   436
Throw: Dart              |     1 |       |     3 |     5 ||     9
 Cast: Corona            |    24 |    11 |    23 |     2 ||    60
       Slow              |     1 |     1 |    14 |    15 ||    31
Invok: Heroism           |       |       |       |     2 ||     2
  Use: Scroll            |     1 |     8 |     9 |     6 ||    24
       Potion            |       |       |       |     2 ||     2
 Stab: Sleeping          |       |       |     5 |     4 ||     9
  Eat: Chunk             |    11 |    10 |    17 |    21 ||    59
       Ration            |       |       |       |     4 ||     4
Armor: Robe              |     1 |       |       |       ||     1
       Leather armour    |    12 |    52 |   109 |    97 ||   270
Dodge: Dodged            |    61 |   171 |   394 |   366 ||   992

Table legend:
 A = Non-vault XP
 B = Vault XP
 C = Vault XP percentage of total XP
 D = Non-vault monster count
 E = Vault monster count
 F = Vault count percentage of total count
                 A         B        C        D         E       F
            +---------+---------+-------+---------+---------+-------
      Total |    8813 |    2827 |  24.3 |     262 |      78 |  22.9
            +---------+---------+-------+---------+---------+-------
        D:1 |      33 |       0 |   0.0 |      14 |       0 |   0.0
        D:2 |      82 |      32 |  28.1 |      17 |       1 |   5.6
        D:3 |     226 |      59 |  20.7 |      32 |       7 |  17.9
        D:4 |     573 |       0 |   0.0 |      32 |       0 |   0.0
        D:5 |     665 |     193 |  22.5 |      23 |       3 |  11.5
        D:6 |     717 |     221 |  23.6 |      25 |      11 |  30.6
        D:7 |    1894 |    1409 |  42.7 |      23 |      10 |  30.3
        D:8 |    2426 |     626 |  20.5 |      41 |       7 |  14.6
        D:9 |     793 |       0 |   0.0 |      27 |       0 |   0.0
       D:10 |     695 |       0 |   0.0 |      20 |       0 |   0.0
       D:11 |     709 |       0 |   0.0 |       8 |       0 |   0.0
    Ossuary |       0 |     287 | 100.0 |       0 |      39 | 100.0
            +---------+---------+-------+---------+---------+-------
